 Dungeon Crawl Stone Soup version 0.17-a0-1037-gbf358b4 (webtiles) character file.

3313 imraulkays the Fighter (level 10, -2/65 HPs)
             Began as a Gargoyle Berserker on May 14, 2015.
             Was an Elder of Trog.
             Engulfed by a cloud of freezing vapour (17 damage)
             ... on level 8 of the Dungeon.
             The game lasted 00:25:42 (7510 turns).

imraulkays the Fighter (Gargoyle Berserker)         Turns: 7510, Time: 00:25:43

Health: -2/65      AC: 23    Str: 21      XL:     10   Next: 1%
Magic:  10/10      EV: 13    Int:  8      God:    Trog [****..]
Gold:   412        SH:  0    Dex: 11 (12) Spells: 0 memorised, 9 levels left

rFire  + . .     SeeInvis .     J - +1 flail (venom)
rCold  . . .     Clarity  .     A - +3 ring mail {MR+}
rNeg   + . .     SustAb   .     (no shield)
rPois  ∞         Gourm    .     (no helmet)
rElec  +         Spirit   .     (no cloak)
rCorr  .         Warding  .     (no gloves)
rMut   .         Stasis   .     D - +0 pair of boots
MR     +....                    (no amulet)
Stlth  +.........               r - ring of protection from fire
                                d - +5 ring of protection

@: somewhat resistant to hostile enchantments, very unstealthy
A: negative energy resistance 1, electricity resistance, unbreathing,
petrification resistance, rot immunity, AC +7
a: Burn Spellbooks, Berserk, Trog's Hand, Brothers in Arms, Renounce Religion


You were on level 8 of the Dungeon.
You worshipped Trog.
Trog was greatly pleased with you.
You were hungry.

You visited 1 branch of the dungeon, and saw 8 of its levels.

You collected 412 gold pieces.

Inventory:

Hand weapons
 J - a +1 flail of venom (weapon)
Armour
 A - a +3 ring mail of magic resistance (worn)
 D - a +0 pair of boots (worn)
Jewellery
 d - a +5 ring of protection (left hand)
 r - a ring of protection from fire (right hand)
Magical devices
 k - a wand of polymorph (6)
 w - a wand of digging (12)
Scrolls
 a - a scroll of identify
 f - 7 scrolls of remove curse
 l - 4 scrolls of magic mapping
 m - 2 scrolls of silence {unknown}
 o - 2 scrolls of enchant armour
 s - 4 scrolls of recharging
 y - a scroll of immolation
 G - 7 scrolls of teleportation
 H - a scroll of fog
Potions
 b - a potion of ambrosia {unknown}
 e - a potion of might
 g - a potion of haste
 h - 5 potions of curing
 i - a potion of heal wounds
 p - 2 potions of cure mutation
 x - 2 potions of magic {unknown}
 C - a potion of berserk rage {unknown}
 I - a potion of flight {unknown}
Books
 j - a Grand Grimoire {highlevel, unknown}

   This book is beyond your current level of understanding.

   Spells                             Type                      Level
   a - Monstrous Menagerie            Summoning                    6
   b - Summon Greater Demon           Summoning                    7
   c - Malign Gateway                 Summoning/Translocation      7
   d - Summon Horrible Things         Summoning                    8
   Trog disapproves of the use of such an item.
 q - a book of Death

   Spells                             Type                      Level
   a - Corpse Rot                     Necromancy                   2
   b - Sublimation of Blood           Necromancy                   2
   c - Agony                          Necromancy                   5
   d - Dispel Undead                  Necromancy                   5
   e - Excruciating Wounds            Charms/Necromancy            5
   f - Bolt of Draining               Conjuration/Necromancy       5
   Trog disapproves of the use of such an item.
 t - a book of Control

   Spells                             Type                      Level
   a - Control Teleport               Charms/Translocation         4
   b - Control Undead                 Necromancy                   4
   c - Metabolic Englaciation         Hexes/Ice                    5
   d - Mass Confusion                 Hexes                        6
   Trog disapproves of the use of such an item.
 B - a book of the Warp

   Spells                             Type                      Level
   a - Recall                         Summoning/Translocation      3
   b - Gell's Gravitas                Hexes/Translocation          3
   c - Control Teleport               Charms/Translocation         4
   d - Force Lance                    Conjuration/Translocation    4
   e - Phase Shift                    Translocation                5
   f - Warp Weapon                    Charms/Translocation         5
   g - Summon Forest                  Summoning/Translocation      5
   Trog disapproves of the use of such an item.
 E - a book of Battle

   Spells                             Type                      Level
   a - Infusion                       Charms                       1
   b - Shroud of Golubria             Charms/Translocation         2
   c - Song of Slaying                Charms                       2
   d - Spectral Weapon                Hexes/Charms                 3
   e - Regeneration                   Charms/Necromancy            3
   Trog disapproves of the use of such an item.
Comestibles
 c - 6 bread rations
 n - 4 beef jerkies
 u - 4 fruits
 v - 7 slices of pizza
 z - a meat ration


   Skills:
 + Level 8.4 Fighting
 + Level 7.5 Maces & Flails
 + Level 7.7 Armour
 + Level 6.0 Dodging


You had 9 spell levels left.
You didn't know any spells.

Dungeon Overview and Level Annotations

Branches:
Dungeon (8/15)             Temple (0/1) D:7
   Lair: D:8-11

Altars:
Dithmenos
Fedhas
Okawaru
Ru
Trog
Xom
The Shining One

Shops:
D:8 %


Innate Abilities, Weirdness & Mutations

You are resistant to torment.
Your stone body is resilient (AC +7).
You are immune to poison.
You resist negative energy.
You are resistant to electric shocks.
You can survive without breathing.
You are immune to petrification.
You are immune to rotting.


Message History

Trog accepts your kill.
You closely miss the crimson imp. The crimson imp misses you.
You hit the crimson imp.
The crimson imp is moderately wounded.
The crimson imp misses you.
You sock the crimson imp!
The crimson imp is almost dead.
The crimson imp hits you with a scimitar.
You sock the crimson imp!
You kill the crimson imp!
Trog accepts your kill.
You see here a scimitar.
Really walk into a travel-excluded area?
There is an open door here.
Really walk into a travel-excluded area?
You are engulfed in freezing vapours.
You are engulfed in freezing vapours.
* * * LOW HITPOINT WARNING * * *
You are engulfed in freezing vapours.
You die...

#.# ##...#.##.#
#.# #.#
##.#§#.##.# #.#
#.# ##.#§#.##.#
#∩# #.#
##.#§#.##(# #.#
..#
##.#§#.##)###.#
##.#§#.##.)..8#
##.#§#..#)##.(#
##.#§##.#.#####
##@#.##...#
#.###§#.###..#
#.###§#.###.(#
#.###§#.###..#
####.###§#.###..#
#......#§#.####>#
#......#§#$## #.#
#......#§#(## #.#
#...)..8§#?## #.#


There were no monsters in sight!

Vanquished Creatures
  A two-headed ogre (D:8)
  A hog (D:7)
  A human (D:7)
  The ghost of Pikaro the Gusty, an average TeAE (D:4)
  An ice beast (D:6)
  An orc warrior (D:8)
  A phantom (D:5)
  A black bear (D:7)
  3 centaurs (D:8)
  2 ogres
  2 sky beasts
  A gnoll sergeant (D:5)
  3 giant frogs
  2 wyvern skeletons
  An electric eel (D:7)
  3 wights (D:7)
  2 crimson imps
  A centaur zombie (D:7)
  A quasit (D:8)
  A jelly (D:6)
  A centaur skeleton (D:8)
  A giant frog skeleton (D:8)
  4 hounds (D:5)
  5 orc wizards
  4 worker ants
  3 sheep (D:7)
  3 hound skeletons
  A hound zombie (D:8)
  2 worker ant zombies
  10 adders
  12 gnolls
  2 shadow imps
  An ooze (D:2)
  An adder zombie (D:5)
  A worm (D:2)
  17 orcs
  2 bat skeletons
  5 giant cockroaches
  14 hobgoblins
  6 jackals (D:8)
  3 kobolds
  2 ball pythons (D:1)
  13 bats
  8 giant geckos
  A giant gecko skeleton (D:8)
  A giant gecko zombie (D:7)
  9 giant newts
  10 goblins
  A jackal skeleton (D:7)
  5 quokkas
  A quokka zombie (D:5)
  13 rats
192 creatures vanquished.

Vanquished Creatures (collateral kills)
  A two-headed ogre (D:8)
  An ogre (D:8)
2 creatures vanquished.

Grand Total: 194 creatures vanquished

Notes
Turn   | Place    | Note
--------------------------------------------------------------
     0 | D:1      | imraulkays the Gargoyle Berserker began the quest for the Orb.
     0 | D:1      | Reached XP level 1. HP: 14/14 MP: 1/1
   270 | D:1      | Reached XP level 2. HP: 14/19 MP: 2/2
   765 | D:2      | Reached XP level 3. HP: 20/24 MP: 3/3
   850 | D:2      | Found an iron altar of Okawaru.
  1145 | D:2      | Acquired Trog's second power
  1291 | D:2      | Reached skill level 4 in Fighting
  1291 | D:2      | Reached XP level 4. HP: 29/29 MP: 4/4
  2185 | D:3      | Reached XP level 5. HP: 33/33 MP: 5/5
  2249 | D:3      | Found a sacrificial altar of Ru.
  2540 | D:3      | Found a bloodstained altar of Trog.
  2714 | D:4      | Found a shadowy altar of Dithmenos.
  3261 | D:4      | Reached XP level 6. HP: 39/39 MP: 6/6
  3572 | D:4      | Noticed an ogre
  3581 | D:4      | Killed an ogre
  3581 | D:4      | Reached skill level 5 in Fighting
  3765 | D:4      | Noticed Pikaro's ghost (average TeAE)
  3777 | D:4      | Killed Pikaro's ghost
  3777 | D:4      | Reached XP level 7. HP: 44/44 MP: 7/7
  4014 | D:5      | Entered Level 5 of the Dungeon
  4308 | D:5      | Reached skill level 5 in Maces & Flails
  4332 | D:5      | Acquired Trog's third power
  4545 | D:5      | Reached skill level 5 in Armour
  4551 | D:5      | Reached XP level 8. HP: 38/51 MP: 8/8
  4944 | D:5      | Reached skill level 6 in Fighting
  5643 | D:7      | Found a blossoming altar of Fedhas.
  6096 | D:7      | Reached skill level 7 in Fighting
  6096 | D:7      | Reached XP level 9. HP: 55/57 MP: 9/9
  6110 | D:7      | Reached skill level 5 in Dodging
  6460 | D:7      | Found a shimmering altar of Xom.
  6693 | D:7      | Found a glowing golden altar of the Shining One.
  6712 | D:7      | Found a staircase to the Ecumenical Temple.
  6858 | D:8      | Found Jotiucw's Food Shoppe.
  7001 | D:8      | HP: 1/59 [two-headed ogre/giant spiked club (14)]
  7124 | D:8      | Reached skill level 8 in Fighting
  7381 | D:8      | Reached XP level 10. HP: 62/64 MP: 10/10
  7510 | D:8      | Engulfed by a cloud of freezing vapour

Vault maps used:
D:1:      onia_arrival_pyramid
D:2:      lemuel_doored_altar
D:3:      hangedman_ru_absence, first_bread, trog_butcher_becter
D:4:      grunt_dithmenos_shadows
D:5:      cheibrodos_gnoll_hut
D:7:      tso_oasis_becter, fedhas_altar_1, xom_teletrap_fun,
          minmay_temple_entry_poolview, grunt_livestock
D:8:      lemuel_ice_spiral_2, serial_shops, shop_statue, serial_park_tiny_1,
          serial_park_tiny_1

Action                   |  1- 3 |  4- 6 |  7- 9 | 10-12 || total
-------------------------+-------+-------+-------+-------++-------
Melee: Mace              |    89 |   222 |   430 |       ||   741
       Whip              |     7 |       |       |       ||     7
       Flail             |       |       |   149 |    10 ||   159
Invok: Berserk           |       |     3 |     7 |       ||    10
       Trog's Hand       |       |     1 |     4 |       ||     5
       Brothers in Arms  |       |       |     1 |       ||     1
Evoke: Wand              |       |       |     1 |       ||     1
  Use: Scroll            |     2 |       |    13 |       ||    15
       Potion            |       |       |     1 |       ||     1
  Eat: Chunk             |     1 |    10 |    18 |       ||    29
       Fruit             |       |     1 |     4 |       ||     5
